Map: 16 bits EC

Players

Inthoxx

  • Race: Zerg Zerg
  • League: Diamond
  • Spawn Location: 1:00

HoldTheDoor - Winner!

  • Race: Protoss Protoss
  • League: Diamond
  • Spawn Location: 7:00

VOD

Have the link to the VOD?

Description

Time

  • Played on: July 7, 2018, 9:28 a.m.
  • Length: 8:27
Show
View Real Time Build Order
Export as new Build Order

Inthoxx Zerg 

Build Orders: Hatch First 

Get SALT Encoding   

  12  0:01  Drone  
  13  0:13  Overlord  
  13  0:18  Drone  
  14  0:32  Drone x2  
  16  0:35  Drone  
  17  0:55  Hatchery  
  16  1:08  Drone x2  
  18  1:11  Extractor  
  17  1:21  Spawning Pool  
  17  1:24  Drone  
  17  1:26  Drone  
  18  1:36  Drone  
  19  1:53  Drone  
  20  1:55  Overlord  
  20  2:08  Queen  
  20  2:11  Queen  
  20  2:13  Zergling x2  
  20  2:14  Zergling x2  
  26  2:16  Drone  
  26  2:18  Metabolic Boost  
  26  2:22  Drone  
  28  2:26  Drone  
  29  2:33  Drone  
  30  2:44  Drone x2  
  32  2:56  Drone x2  
  34  3:02  Overlord  
  34  3:10  Hatchery, Drone  
  34  3:11  Drone  
  35  3:20  Queen  
  35  3:21  Queen  
  35  3:26  Drone x2  
  41  3:29  Overlord  
  41  3:37  Drone  
  41  3:38  Drone x2  
  44  3:53  Drone  
  44  3:55  Zergling x8  
  49  4:12  Overlord  
  49  4:17  Drone x3  
  49  4:19  Overlord  
  49  4:22  Queen  
  54  4:38  Lair  
  54  4:40  Spore Crawler  
  54  4:42  Spore Crawler  
  54  4:43  Spore Crawler  
  54  4:44  Drone x4  
  54  4:45  Drone x2  
  57  4:47  Extractor, Drone x3  
  57  4:48  Overlord, Drone x3  
  57  4:49  Overlord  
  62  4:53  Extractor  
  62  4:56  Extractor  
  60  5:00  Pneumatized Carapace  
  60  5:06  Queen  
  62  5:13  Drone x4  
  62  5:14  Drone x2  
  68  5:39  Spine Crawler, Overseer  
  68  5:41  Evolution Chamber, Drone  
  68  5:42  Hatchery, Drone x6  
  72  5:43  Evolution Chamber  
  72  5:44  Overlord x2  
  72  5:45  Overlord  
  72  5:46  Extractor  
  72  5:47  Extractor  
  69  5:55  Hydralisk Den  
  66  6:08  Baneling Nest, Zerg Melee Weapons Level 1  
  61  6:22  Zergling x12  
  61  6:23  Zergling x8  
  72  6:25  Drone x2  
  72  6:26  Drone x2  
  72  6:27  Drone x2  
  77  6:38  Grooved Spines  
  77  6:44  Zergling x2  
  77  6:45  Zergling x4  
  80  6:50  Hydralisk x3  
  86  7:02  Queen  
  86  7:04  Hydralisk x5  
  94  7:23  Baneling x12  
  94  7:24  Baneling x4  
  82  7:32  Zergling x14  
  82  7:33  Zergling x4  
  53  7:55  Baneling x14  
  55  8:09  Drone x3  
Show
View Real Time Build Order
Export as new Build Order

HoldTheDoor Protoss - Winner!

Build Orders: 1 Gate Expand 

Get SALT Encoding   

  12  0:01  Probe  
  13  0:13  Probe  
  14  0:18  Pylon  
  14  0:25  Probe  
  15  0:37  Probe  
  15  0:40  Gateway  
  16  0:47  Probe  
  16  0:48  Assimilator  
  16  0:55  Probe  
  18  1:07  Probe  
  19  1:27  Nexus  
  19  1:39  Cybernetics Core  
  19  1:40  Probe  
  20  1:47  Assimilator  
  20  1:52  Probe  
  21  2:06  Probe  
  22  2:17  Warp Gate  
  22  2:21  Pylon  
  22  2:26  Pylon  
  22  2:37  Gateway  
  22  2:38  Probe  
  22  2:39  Adept  
  25  2:47  Probe  
  25  2:51  Probe  
  27  3:02  Probe  
  27  3:03  Twilight Council, Probe  
  29  3:06  Sentry  
  31  3:14  Probe  
  31  3:15  Probe  
  33  3:25  Gateway  
  33  3:26  Probe  
  34  3:27  Probe  
  34  3:28  Adept  
  37  3:38  Robotics Facility  
  37  3:45  Pylon  
  37  3:47  Probe x2  
  39  3:51  Resonating Glaives  
  39  3:59  Probe  
  40  4:08  Probe  
  41  4:15  Pylon  
  41  4:18  Warp Prism  
  41  4:24  Sentry x2  
  41  4:27  Probe x2  
  49  4:36  Adept  
  51  4:39  Probe x2  
  51  4:45  Pylon  
  53  4:48  Pylon  
  53  4:49  Gateway  
  53  4:52  Gateway  
  53  4:53  Gateway  
  53  5:00  Gateway  
  53  5:01  Gateway  
  53  5:02  Immortal  
  57  5:17  Probe  
  57  5:19  Adept x3  
  64  5:26  Pylon  
  64  5:28  Pylon  
  64  5:40  Adept x2  
  64  5:41  Immortal  
  72  5:45  Adept  
  74  6:38  Adept  
  74  6:39  Adept x6  
  88  6:40  Adept  
  90  6:53  Pylon  
  90  6:55  Pylon  
  90  6:57  Pylon  
  90  6:58  Pylon  
  90  6:59  Adept x2  
  90  7:00  Adept x4  
  102  7:22  Adept x3  
  106  7:23  Adept x4  
  106  7:24  Adept  
  110  7:43  Adept x6  
  110  7:44  Adept x2  
  98  8:03  Adept x3  
  98  8:04  Adept x2  
  108  8:06  Zealot x3  
Tags
 
Add a new tag
Caveats
  • Supply blocks, unpowered buildings, or Contaminate may cause inaccurate times.
  • Supply counts are checked every 10 seconds.